 Dungeon Crawl Stone Soup version 0.29.1-15-g9cfb28693d (webtiles) character file.

Game seed: 386906778265818430

70 booth the Ducker (level 4, -7/34 HPs)
             Began as a Demonspawn Gladiator on Mar 16, 2023.
             Mangled by a gnoll
             ... wielding a +2 spear of venom
              (8 damage)
             ... on level 2 of the Dungeon.
             The game lasted 00:07:25 (1418 turns).

booth the Ducker (Demonspawn Gladiator)             Turns: 1418, Time: 00:07:26

Health: -7/34      AC:  4    Str: 17    XL:     4   Next: 3%
Magic:  4/4        EV: 12    Int:  9    God:
Gold:   67         SH:  0    Dex: 14    Spells: 3/3 levels left

rFire   . . .      SeeInvis .   a - +0 war axe
rCold   . . .      Faith    .   (no shield)
rNeg    . . .      Spirit   .   b - +0 leather armour
rPois   .          Reflect  .   i - +0 hat
rElec   .          Harm     .   (no cloak)
rCorr   .          Rampage  .   (no gloves)
Will    .....                   f - +0 pair of boots
Stlth   +.........              (no amulet)
HPRegen 0.11/turn               (no ring)
MPRegen 0.09/turn               (no ring)

@: lethally poisoned (-7 -> -20), about to teleport
A: antennae 1, spiny 1
a: no special abilities


You were on level 2 of the Dungeon.
You visited 1 branch of the dungeon, and saw 2 of its levels.

You collected 67 gold pieces.

Inventory:

Hand Weapons
 a - a +0 war axe (weapon)
Missiles
 d - 3 throwing nets (quivered)
 e - a javelin
Armour
 b - a +0 leather armour (worn)
 f - a +0 pair of boots (worn)
 i - a +0 hat (worn)
Potions
 h - a potion of brilliance


   Skills:
 + Level 2.7 Fighting
 + Level 3.2 Axes
 + Level 2.5 Throwing
 + Level 3.2 Dodging


You had 3 spell levels left.
You didn't know any spells.
Your spell library was empty.

Dungeon Overview and Level Annotations

Branches:
Dungeon (2/15)

Altars:


Innate Abilities, Weirdness & Mutations

You have a pair of small antennae on your head.
You are partially covered in sharp spines.


Message History

Found a war axe.
You closely miss the rat. The rat bites you.
You slash the rat!
You kill the rat!
You see here a rat corpse.
There is a stone staircase leading down here.
A gnoll comes into view. It is wielding a +2 spear of venom.
Found a stone staircase leading up.
Found 5 gold pieces.
Found an escape hatch in the ceiling.
There is a stone staircase leading down here.
You see here a rat corpse.
There is a stone staircase leading down here.
The gnoll shouts!
You hear a shout! x2
A gnoll comes into view. It is wielding a +0 spear.
There is a stone staircase leading down here.
You see here a rat corpse.
A gnoll comes into view. It is wielding a +0 whip.
A gnoll comes into view. It is wielding a +0 halberd.
The gnoll hits you with a +2 spear of venom.
You are poisoned.
There is a stone staircase leading down, spattered with blood here.
The gnoll shouts!
You hit the gnoll.
The gnoll is lightly wounded.
You feel very sick. The gnoll misses you.
The gnoll hits you with a +2 spear of venom!
You barely miss the gnoll.
The gnoll is lightly wounded.
You feel sick.
The gnoll hits you with a +2 spear of venom!
* * * LOW HITPOINT WARNING * * *
You are more poisoned.
Okay, then.
As you read the scroll of teleportation, it crumbles to dust.
You feel strangely unstable.
* * * LOW HITPOINT WARNING * * *
You feel very sick.
The gnoll hits you with a +2 spear of venom!
You die...

.............
#......
#.........<<. ..#.##
#............ #.#.#.
#............
##.#...
##....)......
#.....#
#...gg.......
#......
#g##...#####....##
#g##.#..#.......##
#@#.............##
#†..............##
###..#............##
#...[#............##
#...†...............
#.............##...#
####################


You could see 4 gnolls.

Vanquished Creatures
  An adder (D:2)
  2 dart slugs
  5 ball pythons (D:1)
  4 endoplasms
  3 giant cockroaches
  5 hobgoblins
  7 jackals
  A quokka (D:1)
  2 bats (D:1)
  7 goblins
  5 kobolds
  5 rats
47 creatures vanquished.

Notes
Turn   | Place    | Note
-------+----------+-------------------------------------------
     0 | D:1      | booth the Demonspawn Gladiator began the quest for the Orb.
     0 | D:1      | Reached XP level 1. HP: 16/16 MP: 1/1
   401 | D:1      | Gained mutation: You are partially covered in sharp spines.
                  | [demonic ancestry]
   401 | D:1      | Reached XP level 2. HP: 21/22 MP: 2/2
   603 | D:1      | Reached XP level 3. HP: 20/28 MP: 3/3
  1289 | D:2      | Gained mutation: You have a pair of small antennae on your
                  | head. [demonic ancestry]
  1289 | D:2      | Reached XP level 4. HP: 25/34 MP: 4/4
  1418 | D:2      | HP: 1/34 [poisoned by a gnoll]
  1418 | D:2      | Mangled by a gnoll

Illustrated notes

Levels and vault maps discovered:
D:1:      lightli_arrival_quake, layout_rooms
D:2:      layout_rooms, patterned_corridor

Skill      XL: |  1  2 |
---------------+-------+-----
Throwing       | 2 |  2.5
Axes           | 3 |  3.2
Dodging        | 3 |  3.2
Fighting       | |  2.7

Action                   |  1- 3 |  4- 6 || total
-------------------------+-------+-------++-------
Melee: War axe           |    79 |     7 ||    86
  Use: Scroll            |     1 |     2 ||     3
Armor: Leather armour    |    31 |     1 ||    32
Dodge: Dodged            |    61 |     4 ||    65
